Workbook
Name __xlfn_IFERROR: #N/A
Name __xlfn_SUMIFS: #N/A
Name ATIVOSouJOVEM: '[1]DADOS (OCULTAR)'!$Y$4:$Y$5
Name CATDESP6: '[1]DADOS (OCULTAR)'!$B$3:$B$181
Name CLASSIF: '[1]DADOS (OCULTAR)'!#REF!
Name Classificação: '[1]DADOS (OCULTAR)'!$F$4:$F$5
Name COMPET: '[1]DADOS (OCULTAR)'!$D$4:$D$75
Name DIVISÃO: '[1]DADOS (OCULTAR)'!$U$3:$U$4
Name Excel_BuiltIn__FilterDatabase: 'CONTÁBIL- FINANCEIRA '!$B$27:$G$274
Name Excel_BuiltIn_Print_Area_8: #REF!
Name Excel_BuiltIn_Print_Area_8: #REF!
Name Excel_BuiltIn_Print_Area_9: #REF!
Name Excel_BuiltIn_Print_Area_9: #REF!
Name MESES: '[1]DADOS (OCULTAR)'!$Z$4:$Z$15
Name NÃO: 'CONTÁBIL- FINANCEIRA '!$G$5
Name Print_Area_0: 'CONTÁBIL- FINANCEIRA '!$C$1:$G$285
Name Print_Area_0_0: 'CONTÁBIL- FINANCEIRA '!$C$1:$G$285
Name Print_Area_0_0_0: 'CONTÁBIL- FINANCEIRA '!$C$1:$G$285
Name Print_Area_0_0_0_0: 'CONTÁBIL- FINANCEIRA '!$C$1:$G$285
Name Print_Area_0_0_0_0_0: 'CONTÁBIL- FINANCEIRA '!$C$1:$G$285
Name RELDESPPG: '[1]DADOS (OCULTAR)'!$AK$3:$AK$189
Name UNIDADES: '[1]DADOS (OCULTAR)'!$P$3:$P$40

Sheet CONTÁBIL- FINANCEIRA 
D1: DIRETORIA EXECUTIVA DE REGULAÇÃO MÉDIA E ALTA COMPLEXIDADE | F1: SETEMBRO/2020 - Versão 4.0
D2: DIRETORIA EXECUTIVA DE PLANEJAMENTO ORÇAMENTO E GESTÃO DA INFORMAÇÃO | F2: MÊS/ANO COMPETÊNCIA | G2: ANO CONTRATO
D3: DIRETORIA DE ADMINISTRAÇÃO E FINANÇAS
D4: DEMONSTRATIVO DE CONTRATOS SERVIÇOS TERCEIRIZADOS | F4: 44075 | G4: 4 | BB4: Pessoal
C5: UNIDADE (acessar lista suspensa) | E5: RESPONSÁVEL PELA UNIDADE | F5: ISENTO PIS: | G5: NÃO
C6: HOSPITAL DA MULHER DO RECIFE | E6: Ana Karla Mattos | F6: CNPJ | G6: 10.894.988/0004-86
C7: HOSPITAL DO CÂNCER DE PERMANBUCO-HCP-GESTÃO | F7: OSS - GESTORA | H7: 10
C8: DESCRIÇÃO | F8: 42491
C9: RECEITAS OPERACIONAIS | F9: VALOR
C10: Repasse Contrato de Gestão (Fixo+Variável) | F10: =2347952.06+4067553.53+3556243.83 -> 9971749.4
C11: Repasse Contrato de Gestão (Odontologia)
C12: Repasse Contrato de Gestão ENSINO E PESQUISA
C13: Plano de Investimento Autorizado pela Contratante | F13: 0
C14: Repasse Programas Especiais
C15: ( - ) Desconto
C16: TOTAL DE REPASSES | F16: =SUM(F10:G14)-F15 -> 9971749.4
C17: Rendimento de Aplicações Financeiras | F17: 103.68
C18: Rendimento de Aplicações Financeiras do Recurso de Plano de Investimento Autorizado pela Contratante
C19: Reembolso de Despesas
C20: Obtenção de Recursos Externos
C21: Demais Receitas (Convênios)
C22: Outras Receitas
C23: TOTAL OUTRAS RECEITAS | F23: =SUM(F17:G22) -> 103.68
C24: TOTAL DE REPASSES/RECEITAS | F24: =F23+F16 -> 9971853.1
C26: DESPESAS OPERACIONAIS | F26: VALOR
C27: 1. Pessoal | F27: =F28+SUM(F34:F37) -> 7855815.6
C28: 1.1. Ordenados (Não inclui férias, 13º e Rescisão) | F28: =F29+F32+F33 -> 4802157.8
C29: 1.1.1. Assistência Médica | F29: =F30+F31 -> 4028520.3
A30: 1 - Médico | B30: 1.1 | C30: 1.1.1.1. Médicos | F30: ='[1]TCE - ANEXO II - Preencher'!X1 -> 2372172.4 | H30: Informação retirada do Anexo II - Preencher
A31: 2 - Outros Profissionais da Saúde | B31: 1.1 | C31: 1.1.1.2. Outros profissionais de saúde | F31: ='[1]TCE - ANEXO II - Preencher'!X2 -> 1656347.9 | H31: Informação retirada do Anexo II - Preencher
A32: 4 - Assistência Odontológica | B32: 1.1 | C32: 1.1.2. Assistência Odontológica | F32: ='[1]TCE - ANEXO II - Preencher'!X4 -> 0 | H32: Informação retirada do Anexo II - Preencher
A33: 3 - Administrativo | B33: 1.1 | C33: 1.1.3. Administrativo | F33: ='[1]TCE - ANEXO II - Preencher'!X3 -> 773637.52 | H33: Informação retirada do Anexo II - Preencher
A34: 2 - FGTS | B34: 1.2 | C34: 1.2. FGTS | F34: =[1]MEM.CÁLC.FP.!$D$114 -> 387890.44 | H34: Informação retirada da MEM.CÁLC.FP.
A35: 1 - PIS | B35: 1.2 | C35: 1.3. PIS | F35: =IF(G5="SIM","",[1]MEM.CÁLC.FP.!$D$115) -> 48593.118 | H35: Informação retirada da MEM.CÁLC.FP.
A36: 1.99 - Outras Depesas com Pessoal | B36: 1.99 | C36: 1.4. Benefícios | F36: =[1]MEM.CÁLC.FP.!$C$118 -> 84313.09 | H36: Informação retirada da MEM.CÁLC.FP.
C37: 1.5. Despesas com Provisões (Férias + 13º + Rescisões) | F37: =F38+F42+F46 -> 2532861.2
C38: 1.5.1. Total Férias | F38: =SUM(F39:G41) -> 330149.17
C39: 1.5.1.2. Proventos Férias | F39: =SUM([1]MEM.CÁLC.FP.!D6:D7) -> 302889.15 | H39: Informação retirada da MEM.CÁLC.FP.
A40: 2 - FGTS | B40: 1.2 | C40: 1.5.1.2. FGTS s/ Férias | F40: =SUM([1]MEM.CÁLC.FP.!F6:F7) -> 24231.132 | H40: Informação retirada da MEM.CÁLC.FP.
A41: 1 - PIS | B41: 1.2 | C41: 1.5.1.3. PIS s/ Férias | F41: =IF(G5="SIM","",SUM([1]MEM.CÁLC.FP.!G6:G7)) -> 3028.8915 | H41: Informação retirada da MEM.CÁLC.FP.
C42: 1.5.2. Total 13º Salário | F42: =SUM(F43:G45) -> 1950999.1
C43: 1.5.2.1. Proventos 13º Salário | F43: =SUM([1]MEM.CÁLC.FP.!D9:D10) -> 1827905.3 | H43: Informação retirada da MEM.CÁLC.FP.
A44: 2 - FGTS | B44: 1.2 | C44: 1.5.2.2. FGTS s/ 13º Salário | F44: =SUM([1]MEM.CÁLC.FP.!F9:F10) -> 123093.74 | H44: Informação retirada da MEM.CÁLC.FP.
A45: 1 - PIS | B45: 1.2 | C45: 1.5.2.3. PIS s/ 13º Salário | F45: =IF(G5="SIM","",SUM([1]MEM.CÁLC.FP.!G9:G10)) -> 0 | H45: Informação retirada da MEM.CÁLC.FP.
C46: 1.5.3. Rescisões | F46: =SUM(F47:G50) -> 251712.93
C47: 1.5.3.1. Proventos Rescisões | F47: =[1]MEM.CÁLC.FP.!D12+[1]MEM.CÁLC.FP.!D14-[1]MEM.CÁLC.FP.!D13-[1]MEM.CÁLC.FP.!D15 -> 208733.83 | H47: Informação retirada da MEM.CÁLC.FP.
A48: 2 - FGTS | B48: 1.2 | C48: 1.5.3.2. FGTS s/ Rescisões | F48: =SUM([1]MEM.CÁLC.FP.!F12:F15) -> 8193.536 | H48: Informação retirada da MEM.CÁLC.FP.
A49: 1 - PIS | B49: 1.2 | C49: 1.5.3.3. PIS s/ Rescisões | F49: =IF(G5="SIM","",SUM([1]MEM.CÁLC.FP.!G12:G15)) -> 1331.44 | H49: Informação retirada da MEM.CÁLC.FP.
A50: 2 - FGTS | B50: 1.2 | C50: 1.5.3.4. GRFF s/ Rescisões | F50: =SUM([1]MEM.CÁLC.FP.!H12:H15) -> 33454.12 | H50: Informação retirada da MEM.CÁLC.FP.
C51: 2. Insumos Assistenciais | F51: =SUM(F52:G59) -> 534826.35
A52: 2.1. Materiais Descartáveis/Materiais de Penso | B52: 3.12 | C52: 2.1. Materiais Descartáveis/Materiais de Penso | F52: 237027.82 | H52: Informação retirada da memória de cálculo do estoque
A53: 2.2. Medicamentos | B53: 3.4 | C53: 2.2. Medicamentos | F53: 248791.05 | H53: Informação retirada da memória de cálculo do estoque
A54: 2.3. Dietas Industrializadas | B54: 3.3 | C54: 2.3. Dietas Industrializadas | F54: 23891.16 | H54: Informação retirada da memória de cálculo do estoque
A55: 2.4. Gases Medicinais | B55: 3.2 | C55: 2.4. Gases Medicinais | F55: 8378.91 | H55: Informação retirada da memória de cálculo do estoque
A56: 2.5. OPME (Orteses, Próteses e Materiais Especiais) | B56: 3.13 | C56: 2.5. OPME (Orteses, Próteses e Materiais Especiais) | F56: 0 | H56: Informação retirada da memória de cálculo do estoque
A57: 2.6. Material de uso odontológico | B57: 3.5 | C57: 2.6. Material de uso odontológico | F57: 0 | H57: Informação retirada da memória de cálculo do estoque
A58: 2.7. Material laboratorial | B58: 3.11 | C58: 2.7. Material laboratorial | F58: 0 | H58: Informação retirada da memória de cálculo do estoque
A59: 2.8. Outras Despesas com Insumos Assistenciais | B59: 3.99 | C59: 2.8. Outras Despesas com Insumos Assistenciais | F59: 16737.41 | H59: Informação retirada da memória de cálculo do estoque
C60: 3. Materiais/Consumos Diversos | F60: =SUM(F61:G65)+F66+F75+F76 -> 271807.56
A61: 3.1. Material de Higienização e Limpeza | B61: 3.7 | C61: 3.1. Material de Higienização e Limpeza | F61: 59057.68 | H61: Informação retirada da memória de cálculo do estoque
A62: 3.2. Material/Gêneros Alimentícios | B62: 3.3 | C62: 3.2. Material/Gêneros Alimentícios | F62: =126837.51+25939.3 -> 152776.81 | H62: Informação retirada da memória de cálculo do estoque
A63: 3.3. Material Expediente | B63: 3.6 | C63: 3.3. Material Expediente | F63: 15007.05 | H63: Informação retirada da memória de cálculo do estoque
A64: 3.4. Combustível | B64: 3.1 | C64: 3.4. Combustível | F64: ='[1]TCE - ANEXO IV - Preencher'!Q20 -> 4134.32 | H64: Informação retirada da memória de cálculo do estoque
A65: 3.5. GLP | B65: 3.2 | C65: 3.5. GLP | F65: 6415.86 | H65: Informação retirada da memória de cálculo do estoque
C66: 3.6. Material de Manutenção | F66: =F67+F68 -> 27618.79
A67: 3.6.1. Manutenção de Bem Imóvel | B67: 3.9 | C67: 3.6.1. Manutenção de Bem Imóvel | F67: 25207.46 | H67: Informação retirada da memória de cálculo do estoque
C68: 3.6.2. Manutenção de Bem Móvel | F68: =F69+F70+F73+F74 -> 2411.33
A69: 3.6.2.1. Equipamentos de Informática | B69: 3.10 | C69: 3.6.2.1. Suprimentos de Informática | F69: 0 | H69: Informação retirada da memória de cálculo do estoque
C70: 3.6.2.2. Manutenção de Veículos | F70: =SUM(F71:G72) -> 0
A71: 3.6.2.2.1. Lubrificantes Veiculares | B71: 3.1 | C71: 3.6.2.2.1. Lubrificantes Veiculares | F71: 0 | H71: Informação retirada da memória de cálculo do estoque
A72: 3.6.2.2.2. Outros Materiais de Manutenção de Veículos | B72: 3.10 | C72: 3.6.2.2.2. Outros Materiais de Manutenção de Veículos | F72: 0 | H72: Informação retirada da memória de cálculo do estoque
A73: 3.6.2.3. Equipamento Médico-Hospitalar | B73: 3.10 | C73: 3.6.2.3. Equipamento Médico-Hospitalar | F73: 1051.33 | H73: Informação retirada da memória de cálculo do estoque
A74: 3.6.2.4. Outros materiais de Manutenção de Bem Móvel | B74: 3.99 | C74: 3.6.2.4. Outros Materiais de Manutenção de Bem Móvel | F74: 1360 | H74: Informação retirada da memória de cálculo do estoque
A75: 3.7. Tecidos, Fardamentos e EPI | B75: 3.8 | C75: 3.7. Tecidos, Fardamentos e EPI | F75: 6797.05 | H75: Informação retirada da memória de cálculo do estoque
A76: 3.8. Outras Despesas com Materiais Diversos | B76: 3.99 | C76: 3.8. Outras Despesas com Materiais Diversos | F76: 0 | H76: Informação retirada da memória de cálculo do estoque
C77: 4. Seguros/Tributos/Despesas Bancárias | F77: =F78+F79+F82 -> 7335.77
A78: 4.1. Seguros (Imóvel e veículos) | B78: 5.21 | C78: 4.1. Seguros (Imóvel e veículos) | F78: =SUMIF('[1]TCE - ANEXO IV - Preencher'!$D:$D,'CONTÁBIL- FINANCEIRA '!A78,'[1]TCE - ANEXO IV - Preencher'!$N:$N) -> 2363.88 | H78: Informação retirada do Anexo IV - Preencher
C79: 4.2. Tributos (Taxas e Contribuições) | F79: =F80+F81 -> 987.19
A80: 4.2.1. Taxas | B80: 5.99 | C80: 4.2.1. Taxas | F80: =SUMIF('[1]TCE - ANEXO IV - Preencher'!$D:$D,'CONTÁBIL- FINANCEIRA '!A80,'[1]TCE - ANEXO IV - Preencher'!$N:$N) -> 0 | H80: Informação retirada do Anexo IV - Preencher
A81: 4.2.2. Contribuições | B81: 5.99 | C81: 4.2.2. Contribuições | F81: =SUMIF('[1]TCE - ANEXO IV - Preencher'!$D:$D,'CONTÁBIL- FINANCEIRA '!A81,'[1]TCE - ANEXO IV - Preencher'!$N:$N) -> 987.19 | H81: Informação retirada do Anexo IV - Preencher
C82: 4.3. Despesas Bancárias (Taxa de Manutenção/Tarifas) | F82: =F83+F84 -> 3984.7
A83: 4.3.1. Taxa de Manutenção de Conta | B83: 5.25 | C83: 4.3.1. Taxa de Manutenção de Conta | F83: =SUMIF('[1]TCE - ANEXO IV - Preencher'!$D:$D,'CONTÁBIL- FINANCEIRA '!A83,'[1]TCE - ANEXO IV - Preencher'!$N:$N) -> 510 | H83: Informação retirada do Anexo IV - Preencher
A84: 4.3.2. Tarifas | B84: 5.25 | C84: 4.3.2. Tarifas | F84: =SUMIF('[1]TCE - ANEXO IV - Preencher'!$D:$D,'CONTÁBIL- FINANCEIRA '!A84,'[1]TCE - ANEXO IV - Preencher'!$N:$N) -> 3474.7 | H84: Informação retirada do Anexo IV - Preencher
D86: _____________________________________ | E86: ______/______/_______ | F86: _____________________________________
D87: RECEBIMENTO (DATA e ASSINATURA) | E87: DATA | F87: ASSINATURA RESPONSÁVEL PELA UNIDADE
D88: =D1 -> DIRETORIA EXECUTIVA DE REGULAÇÃO MÉDIA E ALTA COMPLEXIDADE | F88: =F1 -> SETEMBRO/2020 - Versão 4.0
D89: =D2 -> DIRETORIA EXECUTIVA DE PLANEJAMENTO ORÇAMENTO E GESTÃO DA INFORMAÇÃO | F89: =F2 -> MÊS/ANO COMPETÊNCIA | G89: =G2 -> ANO CONTRATO
D90: =D3 -> DIRETORIA DE ADMINISTRAÇÃO E FINANÇAS
D91: =D3 -> DIRETORIA DE ADMINISTRAÇÃO E FINANÇAS | F91: =F4 -> 44075 | G91: =G4 -> 4
D92: =D4 -> DEMONSTRATIVO DE CONTRATOS SERVIÇOS TERCEIRIZADOS | F92: ISENTO PIS: | G92: NÃO
C93: UNIDADE | E93: RESPONSÁVEL PELA UNIDADE
C94: =IF(C6=0,"",C6) -> HOSPITAL DA MULHER DO RECIFE | E94: =IF(E6=0,"",E6) -> Ana Karla Mattos
C95: DESPESAS OPERACIONAIS (continuação) | F95: VALOR
C96: 5. Gerais | F96: =F97+F100+F101+F102+F110+F108+F109 -> 283147.15
C97: 5.1. Telefonia/Internet | F97: =SUM(F98:G99) -> 6035.76
A98: 5.1.1. Telefonia Móvel | B98: 5.9 | C98: 5.1.1. Telefonia Móvel | F98: =SUMIF('[1]TCE - ANEXO IV - Preencher'!$D:$D,'CONTÁBIL- FINANCEIRA '!A98,'[1]TCE - ANEXO IV - Preencher'!$N:$N) -> 1570.13 | H98: Informação retirada do Anexo IV - Preencher
A99: 5.1.2. Telefonia Fixa/Internet | B99: 5.18 | C99: 5.1.2. Telefonia Fixa/Internet | F99: =SUMIF('[1]TCE - ANEXO IV - Preencher'!$D:$D,'CONTÁBIL- FINANCEIRA '!A99,'[1]TCE - ANEXO IV - Preencher'!$N:$N) -> 4465.63 | H99: Informação retirada do Anexo IV - Preencher
A100: 5.2. Água | B100: 5.13 | C100: 5.2. Água | F100: =SUMIF('[1]TCE - ANEXO IV - Preencher'!$D:$D,'CONTÁBIL- FINANCEIRA '!A100,'[1]TCE - ANEXO IV - Preencher'!$N:$N) -> 28695.67 | H100: Informação retirada do Anexo IV - Preencher
A101: 5.3. Energia Elétrica | B101: 5.12 | C101: 5.3. Energia Elétrica | F101: =SUMIF('[1]TCE - ANEXO IV - Preencher'!$D:$D,'CONTÁBIL- FINANCEIRA '!A101,'[1]TCE - ANEXO IV - Preencher'!$N:$N) -> 168113.2 | H101: Informação retirada do Anexo IV - Preencher
C102: 5.4. Alugueis/Locações | F102: =F103+F105+F106+F107 -> 62369.59
...
